[Event "November 21 Late 2023"]
[Site "https://www.chess.com"]
[Date "2023.11.21"]
[Round "2"]
[White "Kochiev, Ivan"]
[Black "Romero Ruscalleda, Josep"]
[Result "1-0"]
[Board "119"]
[TimeControl "180+1"]
[WhiteFideId "2917890"]
[BlackFideId "2231859"]
[WhiteElo "2285"]
[BlackElo "2183"]
[WhiteTeam "BUL"]
[BlackTeam "ESP"]
[WhiteClock "0:00:06"]
[BlackClock "0:00:34"]

1. e4 g6 2. d4 Bg7 3. c3 d6 4. Bd3 Nf6 5. f4 O-O 6. Nf3 Nbd7 7. e5 Nd5 8. O-O c5 9. Qe2 e6 10. Be3 Nxe3 11. Qxe3 cxd4 12. cxd4 dxe5 13. dxe5 Qb6 14. Qxb6 Nxb6 15. Nc3 Bd7 16. Be4 Rab8 17. Rad1 Rfd8 18. Rd3 Bc6 19. Rfd1 Rxd3 20. Rxd3 Rc8 21. Bxc6 Rxc6 22. Nd4 Rc4 23. g3 Bf8 24. Ndb5 Bc5+ 25. Kg2 a6 26. Nd6 Rb4 27. b3 Rd4 28. Rxd4 Bxd4 29. Ne2 Bc5 30. Nxb7 Be7 31. Na5 Nd5 32. Nc6 Bc5 33. Kf3 Kf8 34. Ke4 Ke8 35. Nb8 a5 36. Nc6 Bb6 37. Ncd4 Kd7 38. a3 h6 39. Nc1 Nc3+ 40. Kd3 Bxd4 41. Kxd4 Nb5+ 42. Kc5 Nxa3 43. Kb6 a4 44. bxa4 Nc4+ 45. Kc5 Na5 46. Ne2 Kc7 47. Nd4 Nb7+ 48. Kb4 Kb6 49. Nb3 Ka6 50. Nc5+ Nxc5 51. Kxc5 Ka5 52. Kd6 Kxa4 53. Ke7 Kb5 54. Kxf7 Kc6 55. Kxe6 Kc5 56. Kf6 1-0

[Event "November 21 Late 2023"]
[Site "https://www.chess.com"]
[Date "2023.11.21"]
[Round "2"]
[White "Hoffmann, Asa"]
[Black "arenal72"]
[Result "0-1"]
[Board "120"]
[TimeControl "180+1"]
[WhiteFideId "2001470"]
[WhiteElo "2117"]
[BlackElo "2504"]
[WhiteTeam "USA"]
[WhiteClock "0:00:42"]
[BlackClock "0:00:45"]

1. d4 d6 2. e4 Nf6 3. f3 d5 4. e5 Nfd7 5. Bd3 c5 6. c3 Nc6 7. Ne2 cxd4 8. cxd4 Nb6 9. Nbc3 a6 10. O-O g6 11. f4 Bf5 12. Bxf5 gxf5 13. e6 fxe6 14. Ng3 Qd6 15. Qh5+ Kd7 16. Nce2 Bg7 17. Be3 Nc4 18. Bf2 Rac8 19. Rfd1 Nxb2 20. Rdb1 Nc4 21. Rxb7+ Rc7 22. Rxc7+ Kxc7 23. Rb1 Bf6 24. Qf7 a5 25. Nh5 Nd8 26. Qxf6 exf6 27. Nxf6 a4 28. Be1 Nc6 29. Nc3 Rb8 30. Rb5 Nxd4 31. Ncxd5+ exd5 32. Nxd5+ Kc6 33. Bb4 Rxb5 34. Bxd6 Kxd5 0-1

[Event "November 21 Late 2023"]
[Site "https://www.chess.com"]
[Date "2023.11.21"]
[Round "2"]
[White "Zivic, Dragan"]
[Black "Seletsky, Grigory"]
[Result "1/2-1/2"]
[Board "121"]
[TimeControl "180+1"]
[WhiteFideId "904740"]
[BlackFideId "14112191"]
[WhiteElo "2073"]
[BlackElo "2482"]
[WhiteTeam "SRB"]
[BlackTeam "UKR"]
[WhiteClock "0:00:20"]
[BlackClock "0:00:44"]

1. c4 e6 2. Nc3 Bb4 3. Nf3 Nf6 4. g4 Nxg4 5. Rg1 Nf6 6. Rxg7 Rg8 7. Rxg8+ Nxg8 8. d4 Bxc3+ 9. bxc3 d6 10. Bg5 f6 11. Bh4 Qe7 12. e4 e5 13. dxe5 dxe5 14. Qd2 Bg4 15. Be2 Nd7 16. Nd4 Bxe2 17. Nf5 Qa3 18. Kxe2 O-O-O 19. Rd1 Qa4 20. Qd5 Qxa2+ 21. Rd2 Qb1 22. f3 Qh1 23. Bf2 a6 24. c5 Qb1 25. c4 c6 26. Qd6 Qb3 27. Ng7 Qxc4+ 28. Ke1 Qc1+ 29. Rd1 Qc3+ 30. Kf1 Qxf3 31. Ne6 Qh1+ 32. Ke2 Qxe4+ 33. Be3 Qg2+ 34. Bf2 Qe4+ 35. Be3 Qg2+ 36. Bf2 Qe4+ 1/2-1/2

[Event "November 21 Late 2023"]
[Site "https://www.chess.com"]
[Date "2023.11.21"]
[Round "2"]
[White "Ramadoss, Ashokkumar"]
[Black "Cristi_Coca"]
[Result "0-1"]
[Board "122"]
[TimeControl "180+1"]
[WhiteFideId "5040990"]
[WhiteElo "2334"]
[BlackElo "2502"]
[WhiteTeam "IND"]
[WhiteClock "0:00:07"]
[BlackClock "0:00:34"]

1. Nf3 Nf6 2. c4 g6 3. Nc3 Bg7 4. e3 O-O 5. d4 c5 6. d5 d6 7. Be2 e6 8. O-O exd5 9. cxd5 a6 10. a4 Re8 11. Nd2 Nbd7 12. Nc4 Ne5 13. Na3 Rb8 14. h3 Ned7 15. Nc4 Qc7 16. a5 b5 17. axb6 Nxb6 18. Na5 c4 19. Nc6 Ra8 20. Bf3 Bd7 21. Nd4 Re5 22. e4 Qc5 23. Be3 Qb4 24. Qd2 Rb8 25. Rxa6 Nc8 26. Rb1 Be8 27. Bf4 Re7 28. Nc6 Bxc6 29. dxc6 Ne8 30. Nd5 Qb5 31. Nxe7+ Nxe7 32. Qa5 Qxa5 33. Rxa5 Nxc6 34. Raa1 Nd4 35. Be3 Nc2 36. Rc1 Nxa1 37. Rxa1 Bxb2 38. Rd1 c3 0-1

[Event "November 21 Late 2023"]
[Site "https://www.chess.com"]
[Date "2023.11.21"]
[Round "2"]
[White "Krzywda, Andrzej"]
[Black "Jarocka, Liwia"]
[Result "0-1"]
[Board "123"]
[TimeControl "180+1"]
[WhiteFideId "1114565"]
[BlackFideId "21807558"]
[WhiteElo "2130"]
[BlackElo "2001"]
[WhiteTeam "POL"]
[BlackTeam "POL"]
[WhiteClock "0:00:04"]
[BlackClock "0:01:06"]

1. e4 c5 2. Nf3 Nc6 3. d4 cxd4 4. Nxd4 Nf6 5. Nc3 d6 6. Bg5 e6 7. Qd2 a6 8. O-O-O h6 9. Nxc6 bxc6 10. Bf4 d5 11. Qe3 Qa5 12. Be2 Bb4 13. exd5 Bxc3 14. Qxc3 Qxc3 15. bxc3 cxd5 16. c4 Bb7 17. cxd5 Nxd5 18. Bf3 O-O 19. Bd2 Rfc8 20. Rhe1 Rab8 21. Re4 Nc3 22. Bxc3 Bxe4 23. Bxe4 Rxc3 24. Rd4 Ra3 25. h4 Rxa2 26. g4 Ra1+ 27. Kd2 Ra5 28. Rd6 Ra4 29. f3 a5 30. Ra6 Ra1 31. Bc6 g6 32. c4 Kg7 33. Bb5 Rd8+ 34. Kc3 Ra3+ 35. Kb2 Rxf3 36. Rxa5 Rd2+ 37. Kc1 Rh2 38. c5 Rc3+ 39. Kb1 Rxc5 40. h5 gxh5 41. gxh5 Rhxh5 42. Ra7 Rxb5+ 43. Ka1 Ra5+ 0-1

[Event "November 21 Late 2023"]
[Site "https://www.chess.com"]
[Date "2023.11.21"]
[Round "2"]
[White "patzersame"]
[Black "Urbina Perez, Juan Antonio"]
[Result "1-0"]
[Board "124"]
[TimeControl "180+1"]
[BlackFideId "2217368"]
[WhiteElo "2327"]
[BlackElo "2185"]
[BlackTeam "ESP"]
[WhiteClock "0:01:38"]
[BlackClock "0:01:03"]

1. e4 c6 2. Nc3 d5 3. Nf3 dxe4 4. Nxe4 Nf6 5. Qe2 Nxe4 6. Qxe4 Qd5 7. Qxd5 cxd5 8. d4 Nc6 9. c3 a6 10. Bd3 Bg4 11. Bf4 e6 12. Ne5 Nxe5 13. Bxe5 f6 14. Bg3 Kd7 15. O-O Bd6 16. Bxd6 Kxd6 17. h3 Bh5 18. f4 Rhf8 19. Rae1 b5 20. Re3 Rab8 21. Rfe1 Rfe8 22. Bxh7 b4 23. Bd3 bxc3 24. bxc3 a5 25. c4 Bf7 26. c5+ Kd7 27. a4 Rh8 28. Bb5+ Kd8 29. f5 exf5 30. Re7 Rf8 31. Rd7+ Kc8 32. Ree7 Ra8 33. Rxf7 Rxf7 34. Rxf7 1-0

[Event "November 21 Late 2023"]
[Site "https://www.chess.com"]
[Date "2023.11.21"]
[Round "2"]
[White "Ventura Bolet, Maxim"]
[Black "Maect19"]
[Result "0-1"]
[Board "125"]
[TimeControl "180+1"]
[WhiteFideId "22238824"]
[WhiteElo "2227"]
[BlackElo "2326"]
[WhiteTeam "ESP"]
[WhiteClock "0:00:00"]
[BlackClock "0:00:10"]

1. Nf3 d5 2. g3 c6 3. Bg2 Nf6 4. O-O Bf5 5. c4 e6 6. Qb3 Qb6 7. Qxb6 axb6 8. cxd5 exd5 9. d3 Nbd7 10. Bf4 Be7 11. Nc3 O-O 12. Nh4 Be6 13. e4 dxe4 14. dxe4 Rfd8 15. Nf5 Bxf5 16. exf5 b5 17. Rfd1 Nb6 18. Rxd8+ Bxd8 19. Rd1 Nc4 20. b3 Nb6 21. Nxb5 Nbd5 22. Be5 Bb6 23. a4 Ng4 24. Bxd5 Nxe5 25. Nd6 cxd5 26. Rxd5 Ng4 27. Nxb7 Bxf2+ 28. Kh1 h6 29. h3 Nf6 30. Rd3 Rb8 31. Na5 Ne4 32. Kg2 Be1 33. Re3 Bxa5 34. Rxe4 Rxb3 35. Re8+ Kh7 36. Ra8 Bb4 37. a5 Ra3 38. a6 Ra2+ 39. Kf3 g6 40. fxg6+ fxg6 41. g4 Kg7 42. Ke4 Ra3 43. h4 Be1 44. h5 Ra4+ 45. Kd5 gxh5 46. gxh5 Ra5+ 47. Kc6 Bf2 48. Kb7 Rxh5 49. Rc8 Rf5 0-1

[Event "November 21 Late 2023"]
[Site "https://www.chess.com"]
[Date "2023.11.21"]
[Round "2"]
[White "ExchangeAB"]
[Black "Gerbelli Neto, Eduardo"]
[Result "1-0"]
[Board "126"]
[TimeControl "180+1"]
[BlackFideId "2103281"]
[WhiteElo "2497"]
[BlackElo "2178"]
[BlackTeam "BRA"]
[WhiteClock "0:00:33"]
[BlackClock "0:00:04"]

1. Nf3 Nf6 2. e3 d5 3. b3 c5 4. Bb2 e6 5. Bb5+ Bd7 6. Bxd7+ Nbxd7 7. d3 Bd6 8. Nbd2 Qc7 9. Qe2 b5 10. e4 e5 11. O-O d4 12. c3 O-O 13. cxd4 exd4 14. Rac1 Qb8 15. b4 cxb4 16. Bxd4 Re8 17. g3 Ne5 18. Bxe5 Bxe5 19. d4 Bc7 20. e5 Nd5 21. Ne4 a6 22. Qd3 h6 23. Rc5 Qb7 24. Rfc1 Rac8 25. h4 Bb8 26. h5 Qd7 27. Kg2 Qg4 28. Qd2 Qxe4 29. Rxc8 Rxc8 30. Rxc8+ Kh7 31. Rxb8 Nc3 32. Qf4 1-0

[Event "November 21 Late 2023"]
[Site "https://www.chess.com"]
[Date "2023.11.21"]
[Round "2"]
[White "Biernacki, Mark"]
[Black "Nikologorsky, Matfei"]
[Result "1-0"]
[Board "127"]
[TimeControl "180+1"]
[WhiteFideId "2082322"]
[BlackFideId "24102474"]
[WhiteElo "1965"]
[BlackElo "2153"]
[WhiteTeam "USA"]
[BlackTeam "FID"]
[WhiteClock "0:00:28"]
[BlackClock "0:00:01"]

1. e4 c5 2. Nc3 e6 3. d4 cxd4 4. Qxd4 Nc6 5. Qd3 a6 6. Bf4 Nf6 7. O-O-O Bc5 8. Nf3 O-O 9. e5 Ng4 10. Ne4 Qa5 11. Kb1 Nb4 12. Qc4 Bxf2 13. Bd2 Ne3 14. Bxb4 Nxc4 15. Bxa5 Nxa5 16. Nxf2 b5 17. Ne4 Bb7 18. Nd6 Bd5 19. Bd3 Nc6 20. Be4 Bxe4 21. Nxe4 Rfd8 22. Rd6 f5 23. exf6 Ra7 24. Rhd1 h6 25. fxg7 Kxg7 26. Nc5 Kf7 27. Rxc6 1-0

[Event "November 21 Late 2023"]
[Site "https://www.chess.com"]
[Date "2023.11.21"]
[Round "2"]
[White "Ongut, Tamas Gunes"]
[Black "Zampronha, Wladimir Camilo"]
[Result "0-1"]
[Board "128"]
[TimeControl "180+1"]
[WhiteFideId "770280"]
[BlackFideId "2103087"]
[WhiteElo "2148"]
[BlackElo "2055"]
[WhiteTeam "HUN"]
[BlackTeam "BRA"]
[WhiteClock "0:01:06"]
[BlackClock "0:00:51"]

1. h4 c5 2. c4 e6 3. Nc3 d5 4. cxd5 exd5 5. d4 Nc6 6. dxc5 d4 7. Ne4 Bxc5 8. Nxc5 Qa5+ 9. Bd2 Qxc5 10. Rc1 Qb6 11. b4 Nf6 12. e3 dxe3 13. Bxe3 Qxb4+ 14. Bd2 Qe7+ 15. Be2 O-O 16. Nf3 Re8 17. Be3 Bg4 18. O-O Rad8 19. Qb3 Bxf3 20. Bxf3 Nd4 21. Bxd4 Rxd4 22. g3 b6 23. Qc3 Qb4 24. Qc7 Qa3 25. Bc6 Rf8 26. Rfd1 Rxd1+ 27. Rxd1 Qxa2 28. Rd8 Qa3 29. Rxf8+ Qxf8 30. Qxa7 Qd8 31. Kg2 g6 32. Bb5 Qd5+ 0-1

[Event "November 21 Late 2023"]
[Site "https://www.chess.com"]
[Date "2023.11.21"]
[Round "2"]
[White "Cardozo Munar, Carlos Eduardo"]
[Black "Sreyas Payyappat"]
[Result "0-1"]
[Board "129"]
[TimeControl "180+1"]
[WhiteFideId "4409477"]
[BlackFideId "46674969"]
[WhiteElo "2067"]
[BlackElo "2043"]
[WhiteTeam "COL"]
[BlackTeam "IND"]
[WhiteClock "0:01:17"]
[BlackClock "0:01:31"]

1. e4 c6 2. Nf3 d5 3. Nc3 dxe4 4. Nxe4 Nf6 5. Nxf6+ exf6 6. d4 Bd6 7. c3 O-O 8. Bd3 Re8+ 9. Be3 Bg4 10. O-O Nd7 11. h3 Bh5 12. Re1 Nf8 13. Be2 Bc7 14. Nd2 Bg6 15. Nf1 Qd6 16. Qb3 Re7 17. Bf3 Rae8 18. Qxb7 Bd3 19. Qxa7 Bxf1 20. Kxf1 Qh2 21. Qa4 Ng6 22. Qxc6 Nf4 23. g3 Nxh3 24. Bg2 Qg1+ 25. Ke2 Rxe3+ 26. fxe3 Qxe3+ 27. Kd1 Qd3+ 28. Kc1 Rxe1# 0-1

[Event "November 21 Late 2023"]
[Site "https://www.chess.com"]
[Date "2023.11.21"]
[Round "2"]
[White "Silva Lucena, Cristian"]
[Black "Modric, Nesa"]
[Result "1-0"]
[Board "130"]
[TimeControl "180+1"]
[WhiteFideId "2232588"]
[BlackFideId "922579"]
[WhiteElo "2248"]
[BlackElo "2167"]
[WhiteTeam "ESP"]
[BlackTeam "SRB"]
[WhiteClock "0:01:39"]
[BlackClock "0:00:00"]

1. e4 c6 2. d4 d5 3. e5 Bf5 4. h4 h5 5. Bd3 Bxd3 6. Qxd3 Qa5+ 7. b4 Qa6 8. Qb3 e6 9. Nf3 Nd7 10. a4 Ne7 11. Be3 Nf5 12. Nbd2 Qb6 13. Rb1 Be7 14. g3 Rc8 15. O-O O-O 16. a5 Qd8 17. c4 f6 18. exf6 Bxf6 19. Kg2 Nxh4+ 20. gxh4 Bxh4 21. Nxh4 Qxh4 22. Rh1 Qg4+ 23. Kf1 e5 24. cxd5 exd4 25. dxc6+ Kh8 26. cxd7 dxe3 27. dxc8=Q e2+ 28. Ke1 Rxc8 29. Qf3 1-0

[Event "November 21 Late 2023"]
[Site "https://www.chess.com"]
[Date "2023.11.21"]
[Round "2"]
[White "Jesseinkman"]
[Black "Silvestre, Christian"]
[Result "0-1"]
[Board "131"]
[TimeControl "180+1"]
[BlackFideId "30956269"]
[WhiteElo "2489"]
[BlackElo "2316"]
[BlackTeam "USA"]
[WhiteClock "0:00:04"]
[BlackClock "0:01:10"]

1. d4 Nf6 2. Nf3 e6 3. e3 c5 4. b3 b6 5. Bb2 Bb7 6. Bd3 d6 7. Nbd2 Nbd7 8. O-O Be7 9. Re1 O-O 10. a4 a6 11. Qe2 Qc7 12. c4 cxd4 13. exd4 Rfe8 14. Rac1 Rac8 15. h3 Qb8 16. Ng5 Nf8 17. Nge4 Ng6 18. c5 bxc5 19. dxc5 Nxe4 20. Nxe4 Nf4 21. Qg4 Ng6 22. cxd6 f5 23. Qh5 fxe4 24. Bc4 Qxd6 25. Rcd1 Qc6 26. Qg4 Bf6 27. Ba3 Ne5 28. Qh5 e3 29. f3 g6 30. Qh6 Nxf3+ 31. gxf3 Qxf3 32. Bd5 Bxd5 0-1

[Event "November 21 Late 2023"]
[Site "https://www.chess.com"]
[Date "2023.11.21"]
[Round "2"]
[White "GAO"]
[Black "Pourkashiyan, Atousa"]
[Result "0-1"]
[Board "132"]
[TimeControl "180+1"]
[BlackFideId "12502014"]
[WhiteElo "2310"]
[BlackElo "2221"]
[BlackTeam "USA"]
[WhiteClock "0:01:01"]
[BlackClock "0:01:01"]

1. Nf3 d5 2. d4 Nf6 3. Bf4 e6 4. e3 Bd6 5. Bd3 O-O 6. Nbd2 c5 7. c3 Bxf4 8. exf4 b6 9. g3 Ba6 10. Bxa6 Nxa6 11. Qe2 Nb8 12. O-O Nc6 13. Ne5 Rc8 14. Ndf3 cxd4 15. Nxc6 Rxc6 16. Nxd4 Rc8 17. Rad1 Ne4 18. f3 Nd6 19. Rfe1 Re8 20. Kg2 h6 21. h3 Qf6 22. Qe5 Nc4 23. Qxf6 gxf6 24. Re2 a6 25. Rde1 b5 26. a3 Rb8 27. Kf2 a5 28. Ra1 Rb6 29. b3 Nd6 30. Re3 Rc8 31. b4 Ra8 32. Nb3 Nc4 33. Nc5 Nxe3 34. Kxe3 e5 35. Nd7 Rd6 36. Nc5 d4+ 37. cxd4 exd4+ 38. Kd3 axb4 39. Ne4 Rxa3+ 40. Rxa3 bxa3 41. Kc2 d3+ 42. Kc1 a2 43. Kb2 d2 44. Nxd6 d1=Q 0-1

[Event "November 21 Late 2023"]
[Site "https://www.chess.com"]
[Date "2023.11.21"]
[Round "2"]
[White "BM223344"]
[Black "Rose, Felix"]
[Result "1-0"]
[Board "133"]
[TimeControl "180+1"]
[BlackFideId "5105722"]
[WhiteElo "2488"]
[BlackElo "2039"]
[BlackTeam "MEX"]
[WhiteClock "0:01:53"]
[BlackClock "0:00:07"]

1. Nf3 d5 2. b3 Nf6 3. e3 e6 4. Bb2 Be7 5. Be2 O-O 6. O-O c5 7. d4 b6 8. Nbd2 Bb7 9. c4 Nc6 10. Rc1 Rc8 11. cxd5 Nxd5 12. dxc5 Bxc5 13. Ne4 Be7 14. a3 Nf6 15. Ng3 Na5 16. b4 Nc6 17. Qa4 Qe8 18. Bb5 a6 19. Bxc6 Rxc6 20. Rxc6 Qxc6 21. Qxc6 Bxc6 22. Rc1 Bb5 23. Nd4 Ba4 24. Rc7 Nd5 25. Ra7 Bf6 26. Rxa6 Bxd4 27. Bxd4 Bb5 28. Ra7 Rc8 29. h4 h6 30. e4 Rc1+ 31. Kh2 Nf4 32. Be3 Nd3 33. Bxc1 Nxc1 34. Rb7 1-0

[Event "November 21 Late 2023"]
[Site "https://www.chess.com"]
[Date "2023.11.21"]
[Round "2"]
[White "Estrategia_vs_Tactica"]
[Black "a-z30"]
[Result "1/2-1/2"]
[Board "134"]
[TimeControl "180+1"]
[WhiteElo "2306"]
[BlackElo "2483"]
[WhiteClock "0:00:21"]
[BlackClock "0:00:08"]

1. e4 d6 2. d4 Nf6 3. Nc3 g6 4. g3 Bg7 5. Bg2 O-O 6. Nge2 Nbd7 7. O-O Rb8 8. a4 c5 9. d5 b6 10. Re1 a6 11. Rb1 b5 12. axb5 axb5 13. b4 Ng4 14. h3 Nge5 15. bxc5 b4 16. Na2 Nxc5 17. Nd4 Qa5 18. Ra1 Bd7 19. Bg5 Ned3 20. Nc3 Qc7 21. cxd3 Bxd4 22. Ne2 Bxa1 23. Qxa1 f6 24. Bh6 Ra8 25. Qb1 Rfb8 26. d4 Na4 27. e5 Nc3 28. Qd3 dxe5 29. d6 exd6 30. dxe5 dxe5 31. Nxc3 bxc3 32. Qd5+ Be6 33. Qxe6+ Qf7 34. Qxf7+ Kxf7 35. Bxa8 Rxa8 36. Be3 Rc8 37. Rc1 c2 38. Kf1 Ke6 39. Ke2 Kd5 40. Kd2 Ke4 41. Rxc2 Rxc2+ 42. Kxc2 Kf3 43. Kd3 f5 44. h4 f4 45. gxf4 exf4 46. Bc5 h6 47. Kd2 g5 48. hxg5 hxg5 49. Ke1 g4 50. Kf1 g3 51. fxg3 fxg3 52. Kg1 g2 53. Bf2 Kg4 54. Kxg2 1/2-1/2

[Event "November 21 Late 2023"]
[Site "https://www.chess.com"]
[Date "2023.11.21"]
[Round "2"]
[White "FuenfgegenWilly"]
[Black "Mendez Machado, Andre"]
[Result "1-0"]
[Board "135"]
[TimeControl "180+1"]
[BlackFideId "6603793"]
[WhiteElo "2481"]
[BlackElo "1950"]
[BlackTeam "PAN"]
[WhiteClock "0:01:27"]
[BlackClock "0:00:09"]

1. e4 e5 2. Nc3 Nc6 3. f4 exf4 4. Nf3 g5 5. g3 g4 6. Nh4 d6 7. d4 Be7 8. Bxf4 Bxh4 9. gxh4 Qxh4+ 10. Bg3 Qf6 11. Nd5 Qxd4 12. Nxc7+ Kd8 13. Nxa8 Qxe4+ 14. Kf2 Qxh1 15. Qxd6+ Bd7 16. Rd1 Qf3+ 17. Kg1 Nf6 18. Bh4 Qe3+ 19. Kh1 Rg8 20. Qxd7# 1-0

[Event "November 21 Late 2023"]
[Site "https://www.chess.com"]
[Date "2023.11.21"]
[Round "2"]
[White "Harish, Neeraj"]
[Black "Koutlas, Nikolaos"]
[Result "0-1"]
[Board "136"]
[TimeControl "180+1"]
[WhiteFideId "30958130"]
[BlackFideId "25827138"]
[WhiteElo "1866"]
[BlackElo "2215"]
[WhiteTeam "USA"]
[BlackTeam "GRE"]
[WhiteClock "0:00:01"]
[BlackClock "0:00:34"]

1. e4 e6 2. d4 d5 3. e5 c5 4. c3 Nc6 5. Nf3 Bd7 6. Be2 f6 7. O-O fxe5 8. Nxe5 Nxe5 9. dxe5 Qc7 10. f4 O-O-O 11. Be3 g5 12. fxg5 Bg7 13. Rf7 Bxe5 14. h4 Bh2+ 15. Kh1 Bg3 16. Nd2 Qe5 17. Bxc5 Bxh4 18. Nf3 Qg3 19. Bd4 Bxg5 20. Be5 Qg4 21. Nxg5 Qxg5 22. Bxh8 Nh6 23. Rxh7 Nf5 24. Be5 Ne3 25. Qg1 Qxe5 26. Rh3 Nf5 27. Qf2 Rg8 28. Bf3 Qd6 29. Qxa7 Kc7 30. Qa5+ Kb8 31. Qb4 Qe5 32. Qh4 Nxh4 0-1

[Event "November 21 Late 2023"]
[Site "https://www.chess.com"]
[Date "2023.11.21"]
[Round "2"]
[White "Ahn, Hongjin"]
[Black "rikchessmx"]
[Result "1-0"]
[Board "137"]
[TimeControl "180+1"]
[WhiteFideId "13201492"]
[WhiteElo "2182"]
[BlackElo "2304"]
[WhiteTeam "KOR"]
[WhiteClock "0:02:06"]
[BlackClock "0:00:51"]

1. d4 Nf6 2. Bf4 e6 3. e3 Bd6 4. Bxd6 cxd6 5. Nf3 d5 6. Bd3 O-O 7. O-O d6 8. Nbd2 Nc6 9. e4 dxe4 10. Nxe4 Nxe4 11. Bxe4 f5 12. Bxc6 bxc6 13. c4 Qf6 14. Re1 Bd7 15. c5 d5 16. Ne5 Rad8 17. Qa4 Be8 18. Qxa7 Qh4 19. Rad1 Bh5 20. f3 Ra8 21. Qd7 Rxa2 22. Qxe6+ Kh8 23. Qd6 Rd8 24. g3 Qg5 25. f4 Rxd6 26. fxg5 Rd8 27. Rd2 Kg8 28. Nxc6 Rda8 29. Ne7+ Kf8 30. Nxd5 Rb8 31. c6 Rbxb2 32. Rxb2 Rxb2 33. c7 Rc2 34. Ra1 Bf3 35. Ra8+ Kf7 36. c8=Q Rxc8 37. Rxc8 Bxd5 38. Kf2 h6 39. gxh6 gxh6 40. Ke3 Be4 41. Kf4 Kf6 42. Rf8+ Kg7 43. Rxf5 1-0

[Event "November 21 Late 2023"]
[Site "https://www.chess.com"]
[Date "2023.11.21"]
[Round "2"]
[White "Shton, Roman"]
[Black "Golubenko, Valentina"]
[Result "1-0"]
[Board "139"]
[TimeControl "180+1"]
[WhiteFideId "14137461"]
[BlackFideId "4501993"]
[WhiteElo "2027"]
[BlackElo "2126"]
[WhiteTeam "UKR"]
[BlackTeam "CRO"]
[WhiteClock "0:02:24"]
[BlackClock "0:01:44"]

1. d4 g6 2. e4 Bg7 3. Nf3 c5 4. dxc5 Nc6 5. c3 Nf6 6. Bd3 O-O 7. O-O Ng4 8. h3 Nge5 9. Nxe5 Nxe5 10. Be3 Nxd3 11. Qxd3 Qc7 12. Na3 a6 13. Nc4 Rd8 14. Nb6 Rb8 15. Nd5 Qe5 16. Bf4 Qe6 17. Bxb8 d6 18. cxd6 exd6 19. Bc7 Rd7 20. Bb6 Be5 21. f4 Bg7 22. Rae1 1-0

[Event "November 21 Late 2023"]
[Site "https://www.chess.com"]
[Date "2023.11.21"]
[Round "2"]
[White "Vemparala, Nikash"]
[Black "Musalov, Ruslan"]
[Result "1-0"]
[Board "140"]
[TimeControl "180+1"]
[WhiteFideId "30960967"]
[BlackFideId "4141490"]
[WhiteElo "2069"]
[BlackElo "2268"]
[WhiteTeam "USA"]
[BlackTeam "RUS"]
[WhiteClock "0:00:44"]
[BlackClock "0:01:56"]

1. e4 e5 2. Nf3 f5 3. Nxe5 Qf6 4. d4 d6 5. Nc4 fxe4 6. Nc3 Qf7 7. Ne3 Nf6 8. Bc4 Be6 9. Bxe6 Qxe6 10. O-O d5 11. f3 exf3 12. Qxf3 Nc6 13. Nexd5 O-O-O 14. Nxf6 gxf6 15. d5 Bc5+ 16. Kh1 Nd4 17. dxe6 Nxf3 18. gxf3 Rhe8 19. Ne4 Bb6 20. Nxf6 Rxe6 21. Ne4 Rg8 22. Bf4 Reg6 23. Bg3 h5 24. Rad1 h4 25. Bxh4 Rg2 26. Rd8+ Rxd8 27. Kxg2 Rg8+ 28. Bg3 a5 29. a4 Bd4 30. b3 Bg7 31. f4 b6 32. f5 Rf8 33. f6 Bh8 34. f7 Kd7 35. Ng5 c5 36. Nh7 1-0

[Event "November 21 Late 2023"]
[Site "https://www.chess.com"]
[Date "2023.11.21"]
[Round "2"]
[White "Tsiolakidis, Anastasios"]
[Black "Przybylski, Wojciech"]
[Result "0-1"]
[Board "141"]
[TimeControl "180+1"]
[WhiteFideId "4201477"]
[BlackFideId "1117599"]
[WhiteElo "2284"]
[BlackElo "2203"]
[WhiteTeam "GRE"]
[BlackTeam "POL"]
[WhiteClock "0:01:32"]
[BlackClock "0:00:13"]

1. e4 e5 2. f4 d5 3. exd5 exf4 4. c4 c6 5. d4 cxd5 6. Nf3 g5 7. cxd5 Bb4+ 8. Nc3 Qxd5 9. Qa4+ Nc6 10. Qxb4 Nxb4 11. Nxd5 Nxd5 12. Nxg5 Ngf6 13. Bc4 Be6 14. Nxe6 fxe6 15. O-O Rc8 16. Bb5+ Ke7 17. Bxf4 Nxf4 18. Rxf4 Rc2 19. Re1 Nd5 20. Rfe4 Nc7 21. Ba4 Rxb2 22. d5 Rxa2 23. dxe6 Rg8 24. g3 Rg6 25. Bd7 Rh6 26. h4 Rg6 27. g4 Ra6 28. h5 Rf6 29. g5 Rf5 30. Rg4 Nxe6 31. Bb5 Rb6 32. Bc4 Kd7 33. g6 hxg6 34. Rxg6 Nf4 35. Rg7+ Kd6 36. h6 Kc5 37. h7 Rh6 38. Bg8 Nh3+ 39. Kg2 Nf4+ 40. Kg3 Nh5+ 41. Kg4 Nxg7 42. Re7 Rg6+ 43. Kh4 Rh5# 0-1

[Event "November 21 Late 2023"]
[Site "https://www.chess.com"]
[Date "2023.11.21"]
[Round "2"]
[White "Zeydan, Salih"]
[Black "Keleberda, Tymur"]
[Result "0-1"]
[Board "142"]
[TimeControl "180+1"]
[WhiteFideId "6361722"]
[BlackFideId "14174294"]
[WhiteElo "1988"]
[BlackElo "2198"]
[WhiteTeam "TUR"]
[BlackTeam "CAN"]
[WhiteClock "0:00:05"]
[BlackClock "0:00:09"]

1. e4 c5 2. Nf3 d6 3. d4 cxd4 4. Nxd4 Nf6 5. Nc3 a6 6. Bg5 e6 7. f4 Qb6 8. Qd2 Qxb2 9. Rb1 Qa3 10. f5 Nc6 11. fxe6 fxe6 12. Nxc6 bxc6 13. e5 dxe5 14. Bxf6 gxf6 15. Be2 Qd6 16. Bh5+ Ke7 17. Qe3 Qd4 18. Qg3 Qf4 19. Qd3 Qd4 20. Bf3 Qxd3 21. cxd3 Kd7 22. Rb6 Ra7 23. Rxc6 Bb7 24. Rc4 Bxf3 25. gxf3 Bd6 26. Ne4 f5 27. Ng5 Ke7 28. Ke2 Rb8 29. Rhc1 h6 30. Nh3 Rb2+ 31. R1c2 Rab7 32. Nf2 a5 33. d4 Rxc2+ 34. Rxc2 exd4 35. Nd3 e5 36. f4 e4 37. Ne1 d3+ 38. Nxd3 exd3+ 39. Kxd3 Bxf4 40. Re2+ Kf6 41. Rf2 Be5 42. Re2 Rd7+ 43. Kc4 Rd4+ 44. Kc5 a4 45. h3 Rh4 46. Kd5 Rxh3 47. Rc2 Rd3+ 48. Kc4 Rc3+ 49. Rxc3 Bxc3 50. Kxc3 h5 51. Kb4 h4 52. Kxa4 h3 53. Kb3 h2 54. Kc3 h1=Q 55. a4 Qa8 56. Kb4 Qa6 57. a5 f4 0-1

[Event "November 21 Late 2023"]
[Site "https://www.chess.com"]
[Date "2023.11.21"]
[Round "2"]
[White "Della Morte, German"]
[Black "Erece, Ece Alkim"]
[Result "1-0"]
[Board "143"]
[TimeControl "180+1"]
[WhiteFideId "113522"]
[BlackFideId "6346006"]
[WhiteElo "2306"]
[BlackElo "1667"]
[WhiteTeam "ARG"]
[BlackTeam "TUR"]
[WhiteClock "0:02:27"]
[BlackClock "0:01:28"]

1. e4 c5 2. Nc3 a6 3. g3 b5 4. Bg2 Bb7 5. d3 e6 6. f4 Nf6 7. Nf3 d6 8. O-O Be7 9. Ne2 Nc6 10. h3 Qc7 11. Be3 d5 12. e5 Ng8 13. c3 h5 14. d4 cxd4 15. Nexd4 Nh6 16. Nxc6 Bxc6 17. Nd4 Bb7 18. Re1 Bc5 19. Bf2 Rc8 20. Qxh5 g6 21. Qd1 b4 22. Rc1 Qb6 23. cxb4 Bxb4 24. Qa4+ Kf8 25. Rxc8+ Bxc8 26. Nxe6+ Qxe6 27. Qxb4+ Kg7 28. Qd6 Qxd6 29. exd6 Nf5 30. g4 Nxd6 31. Bd4+ f6 32. Re7+ Kf8 33. Bxf6 Rg8 34. Bxd5 Ne8 35. Rf7# 1-0

[Event "November 21 Late 2023"]
[Site "https://www.chess.com"]
[Date "2023.11.21"]
[Round "2"]
[White "Butti, Enrique"]
[Black "Suder, Jakub"]
[Result "0-1"]
[Board "144"]
[TimeControl "180+1"]
[WhiteFideId "3700470"]
[BlackFideId "1195310"]
[WhiteElo "2080"]
[BlackElo "2248"]
[WhiteTeam "PAR"]
[BlackTeam "POL"]
[WhiteClock "0:00:09"]
[BlackClock "0:00:09"]

1. d4 d5 2. c4 e6 3. Nf3 a6 4. e3 Nf6 5. Bd3 dxc4 6. Bxc4 b5 7. Bd3 Bb7 8. a4 b4 9. Nbd2 c5 10. Nc4 Nc6 11. dxc5 Bxc5 12. a5 O-O 13. O-O Qd5 14. b3 Rfd8 15. Be2 Qh5 16. Qc2 Rac8 17. Bb2 Ba7 18. Bxf6 gxf6 19. Qb2 Qh6 20. Rfd1 Bb8 21. g3 Qh3 22. Bf1 Qh5 23. Bg2 Kg7 24. Nd4 e5 25. Bf3 Qh3 26. Nxc6 Rxd1+ 27. Rxd1 Bxc6 28. Bxc6 Rxc6 29. Rd8 Bc7 30. Ra8 Rc5 31. Rxa6 Rd5 32. Qc2 e4 33. Ra7 Rh5 34. Qxe4 Qxh2+ 35. Kf1 Be5 36. Qd5 Kh6 37. Rxf7 Rf5 38. Nxe5 Qxf2# 0-1